 Dungeon Crawl Stone Soup version 0.19.0-24-gb05acd6 (console) character file.

130 Jesseh the Chiller (level 5, 0/35 HPs)
             Began as a Merfolk Ice Elementalist on Nov 21, 2016.
             Killed by divine providence
             ... invoked by an orc priest
              (16 damage)
             ... on level 3 of the Dungeon.
             The game lasted 00:14:12 (1996 turns).

Jesseh the Chiller (Merfolk Ice Elementalist)       Turns: 1996, Time: 00:14:12

Health: 0/35       AC:  3    Str:  8    XL:     5   Next: 14%
Magic:  1/9        EV: 13    Int: 15    God:
Gold:   68         SH:  0    Dex: 15    Spells: 2 memorised, 5 levels left

rFire  . . .     SeeInvis .     k - +0 spear
rCold  . . .     Gourm    .     a - +0 robe
rNeg   . . .     Faith    +     (no shield)
rPois  .         Spirit   .     (no helmet)
rElec  .         Reflect  .     (no cloak)
rCorr  .         Harm     .     p - +0 pair of gloves
MR     .....                    (no boots)
Stlth  ++........               y - amulet of faith
                                (no ring)
                                (no ring)

@: no status effects
A: change form in water, swift swim, stealthy swim
a: no special abilities


You were on level 3 of the Dungeon.
You were hungry.

You visited 1 branch of the dungeon, and saw 3 of its levels.

You collected 68 gold pieces.

Inventory:

Hand Weapons
 k - a +0 spear (weapon)
   (You found it on level 1 of the Dungeon)
Armour
 a - a +0 robe (worn)
 p - a +0 pair of gloves (worn)
   (You found it on level 2 of the Dungeon)
 v - a +0 buckler
   (You found it on level 2 of the Dungeon)
 w - a +0 robe
   (You found it on level 2 of the Dungeon)
Jewellery
 y - an amulet of faith (around neck)
   (You found it on level 3 of the Dungeon)
Wands
 z - a wand of flame (29/48)
   (You found it on level 3 of the Dungeon)
Scrolls
 d - a scroll of remove curse
 e - 4 scrolls of identify {unknown}
 f - a scroll of fear {unknown}
 j - a scroll of enchant weapon {unknown}
 n - a scroll of amnesia {unknown}
 o - a scroll of immolation {unknown}
 t - a scroll of fog {unknown}
 u - a scroll of teleportation {unknown}
Potions
 g - 2 potions of degeneration {unknown}
 h - a potion of agility {unknown}
 i - 2 potions of mutation {unknown}
 m - a potion of ambrosia {unknown}
 r - a potion of berserk rage {unknown}
 s - 2 potions of curing
Books
 b - a book of Frost
Comestibles
 c - 3 bread rations
 l - 4 fruits
 q - 6 chunks of flesh
 x - a beef jerky


   Skills:
 - Level 3.0 Polearms
 - Level 3.1 Dodging
 - Level 2.1 Stealth
 * Level 2.9 Spellcasting
   Level 0.7 Conjurations
 * Level 2.3 Charms
 * Level 3.9 Ice Magic


You had 5 spell levels left.
You knew the following spells:

 Your Spells              Type           Power        Failure   Level  Hunger
a - Freeze                Ice            ##..         4%          1    #......
b - Ozocubu's Armour      Chrm/Ice       ##......     21%         3    ###....


Dungeon Overview and Level Annotations

Branches:
Dungeon (3/15)

Altars:
Kikubaaqudgha


Message History

You see here a frilled lizard corpse.
You butcher the frilled lizard corpse.
q - 7 chunks of flesh (gained 1)
You see here a frilled lizard skeleton.
y - a thick cameo amulet Put on which piece of jewellery? (? for menu, Esc to quit)
You feel a strange surge of divine interest.
y - an amulet of faith (around neck) Search for what [? for help]? artefact Can't find anything matching that.
Search for what [Enter for "artefact", or ? for help]? polearm
i - 2 metallic cyan potions (gained 1) Some of the chunks of flesh in your inventory have rotted away.
A rat comes into view.
Okay, then.
Attack whom?
Aim: a rat (resting)
You reach to attack!
The helpless rat fails to defend itself.
You hit the rat.
You kill the rat!
z - a wand of flame A bat comes into view. 2 orcs and an orc priest come into view.
Attack whom?
Aim: a bat You reach to attack!
You hit the bat but do no damage. The bat misses you.
Attack whom?
Aim: a bat You reach to attack!
You miss the bat. The bat hits you but does no damage.
Attack whom?
Aim: a bat
Okay, then.
Aim: a bat You freeze the bat.
The bat hits you but does no damage. The bat hits you.
Aim: a bat (heavily wounded)
You freeze the bat.
You kill the bat!
You see here a bat corpse.
You butcher the bat corpse.
q - 6 chunks of flesh (gained 1)
An orc comes into view. It is wielding a dagger of holy wrath.
The orc shouts!
You hear a shout! x5
An orc priest comes into view. It is wielding a hand axe.
The orc priest closely misses you. The orc misses you.
Aim: an orc priest, wielding a hand axe You freeze the orc priest.
The orc misses you. The orc priest barely misses you.
Aim: an orc priest, wielding a hand axe (moderately wounded)
You freeze the orc priest. The orc hits you but does no damage.
The orc priest hits you with a hand axe.
Aim: an orc priest, wielding a hand axe (heavily wounded)
You freeze the orc priest. The orc closely misses you.
The orc priest hits you with a hand axe.
Aim: an orc priest, wielding a hand axe (severely wounded)
You freeze the orc priest.
The orc hits you with a dagger of holy wrath.
The orc priest invokes the aid of Beogh against you.
Pain shoots through your body!
* * * LOW HITPOINT WARNING * * *
Aim: an orc priest, wielding a hand axe (almost dead)
You freeze the orc priest.
You kill the orc priest!
You have reached level 5!
You feel agile.
An orc comes into view.
The orc closely misses you.
You are feeling hungry.
Aim: an orc You freeze the orc.
The orc hits you but does no damage.
Aim: an orc (severely wounded)
You freeze the orc.
You kill the orc!
Aim: an orc, wielding a dagger of holy wrath and wearing a ring mail You freeze the orc.
The orc closely misses you.
The orc priest casts a cantrip, but nothing happens.
The orc priest looks braver for a moment.
The orc priest calls upon Beogh to heal the orc.
The orc's wounds heal themselves!
Aim: an orc, wielding a dagger of holy wrath and wearing a ring mail You freeze the orc.
The orc closely misses you. The orc hits you with a hand axe.
* * * LOW HITPOINT WARNING * * *
As you read the scroll labeled BEISOOCIPU, it crumbles to dust.
You feel blessed for a moment.
It was a scroll of remove curse.
The orc closely misses you. x2
It was a potion of curing.
You feel better. The orc closely misses you. The orc barely misses you.
Here: an orc, wielding a hand axe and wearing a leather armour The floor.
Aim: an orc, wielding a dagger of holy wrath and wearing a ring mail (moderately wounded)
You freeze the orc.
You kill the orc!
The orc closely misses you.
Aim: an orc priest, wielding a flail You freeze the orc priest.
The orc priest mumbles some strange prayers to Beogh against you.
Beogh smites you!
You die...

▒.▒▒▒▒▒ ▒.▒ ▒.▒.............▒.▒.
▒....<▒▒▒.▒▒▒▒.▒.▒▒▒▒▒...÷...▒.▒.
.................................
...▒▒▒▒▒▒▒▒▒▒▒...▒▒▒▒▒▒▒▒▒.▒...▒▒
.........(..▒▒.▒.....▒ ▒.▒▒▒▒▒▒
..▒▒▒▒▒▒▒▒▒.▒▒.▒.▒▒▒.▒▒▒▒▒.▒▒▒▒ ▒
..................o...........▒ ▒
..▒▒▒▒▒▒▒▒▒▒▒▒.▒▒▒▒▒.▒.▒▒▒.▒..▒ ▒
▒▒▒ ▒.omo...▒.▒ ▒.▒..▒ ▒
▒▒▒▒▒▒▒▒▒o▒ ▒.▒..▒▒▒ ▒.▒ ▒.▒.....
▒▒▒o▒▒▒.▒▒.▒▒▒ +€....oo..o...
▒▒▒.▒▒.▒▒▒..▒▒ ▒.▒▒.▒ ▒▒.▒ ▒....▒
▒.▒ ▒▒▒▒▒▒ ▒.▒


You could see an orc priest and an orc.

Vanquished Creatures
  An orc priest (D:3)
  Ijyb (D:2)
  2 adders (D:2)
  A worm (D:2)
  A dart slug (D:1)
  2 leopard geckos (D:1)
  3 orcs (D:3)
  10 bats
  A giant cockroach (D:2)
  8 goblins
  3 hobgoblins
  6 kobolds
  2 quokkas (D:2)
  A ball python (D:1)
  5 frilled lizards
  6 rats
53 creatures vanquished.

Vanquished Creatures (others)
  A human (D:2)
1 creature vanquished.

Grand Total: 54 creatures vanquished

Notes
Turn   | Place    | Note
-------+----------+-------------------------------------------
     0 | D:1      | Jesseh the Merfolk Ice Elementalist began the quest for the Orb.
     0 | D:1      | Reached XP level 1. HP: 13/13 MP: 3/3
   148 | D:1      | Reached skill level 1 in Polearms
   221 | D:1      | Reached XP level 2. HP: 19/19 MP: 3/5
   272 | D:1      | Reached skill level 2 in Polearms
   419 | D:1      | Reached skill level 3 in Dodging
   968 | D:2      | Reached XP level 3. HP: 17/24 MP: 4/6
   974 | D:2      | Learned a level 3 spell: Ozocubu's Armour
  1255 | D:2      | Reached skill level 1 in Charms
  1323 | D:2      | Reached skill level 3 in Polearms
  1405 | D:2      | Noticed Ijyb
  1420 | D:2      | Killed Ijyb
  1420 | D:2      | Reached XP level 4. HP: 28/30 MP: 0/7
  1565 | D:2      | Reached skill level 2 in Charms
  1600 | D:2      | Found an ancient bone altar of Kikubaaqudgha.
  1600 | D:2      | Noticed a human
  1603 | D:2      | Killed a human
  1961 | D:3      | Reached XP level 5. HP: 13/35 MP: 3/9
  1996 | D:3      | Killed from afar by an orc priest

Skill      XL: |  1  2  3  4 |
---------------+-------------+-----
Polearms       | 1 2 3 |  3.0
Dodging        | 3 |  3.1
Charms         | 1 2 |  2.3
Stealth        | |  2.1
Spellcasting   | |  2.9
Conjurations   | |  0.7
Ice Magic      | |  3.9

Action                   |  1- 3 |  4- 6 || total
-------------------------+-------+-------++-------
Melee: Spear             |    84 |     6 ||    90
 Cast: Freeze            |    47 |    22 ||    69
  Use: Scroll            |       |     1 ||     1
       Potion            |       |     1 ||     1
 Stab: Sleeping          |     9 |     1 ||    10
  Eat: Fruit             |     1 |       ||     1
       Chunk             |     2 |     1 ||     3
Armor: Robe              |    12 |     4 ||    16
Dodge: Dodged            |    65 |    20 ||    85

Vault maps used:
D:1:      minmay_arrival_loop
D:2:      first_bread, tgw_kikubaaqudgha, uniq_iyjb

Table legend:
 A = Turns spent in this place as a percentage of turns spent in the entire game.
 B = Non-inter-level travel turns spent in this place as a percentage of non-inter-level travel turns spent in the entire game.
 C = Inter-level travel turns spent in this place as a percentage of turns spent in this place.
 D = Turns resting spent in this place as a percentage of non-inter-level travel turns spent in this place.
 E = Turns spent auto-exploring this place as a percentage of non-inter-level travel turns spent in this place.
 F = Non-inter-level travel turns spent in this place divided by the number of levels of this place that you've seen.
                   A       B       C       D       E      F
               +-------+-------+-------+-------+-------+----------------------
         Total | 100.0 | 100.0 |   0.3 |   0.7 |   8.6 | 239.7
       Dungeon | 100.0 | 100.0 |   0.3 |   0.7 |   8.6 | 239.7
               +-------+-------+-------+-------+-------+----------------------

Table legend:
 A = Kills in this place as a percentage of kills in entire the game.
 B = Kills by you in this place as a percentage of kills by you in the entire game.
 C = Kills by friends in this place as a percentage of kills by friends in the entire game.
 D = Other kills in this place as a percentage of other kills in the entire game.
 E = Experience gained in this place as a percentage of experience gained in the entire game.
 F = Experience gained in this place divided by the number of levels of this place that you have seen.
                   A       B       C       D       E      F
               +-------+-------+-------+-------+-------+----------------------
         Total | 100.0 | 100.0 |  -nan |  -nan | 100.0 |  62.3
       Dungeon | 100.0 | 100.0 |  -nan |  -nan | 100.0 |  62.3
               +-------+-------+-------+-------+-------+----------------------
